[Event "German-ch Blitz Women 2022"]
[Site "Magdeburg"]
[Date "2022.08.13"]
[Round "8"]
[White "Nikolaeva, Mariya A"]
[Black "Zhou, Lepu Coco"]
[Result "1-0"]
[ECO "C68"]
[WhiteElo "1309"]
[BlackElo "1986"]
[Annotator "TA"]
[PlyCount "131"]
[EventDate "2022.08.10"]
[EventType "tourn"]
[EventCountry "GER"]
[SourceTitle "playchess.com"]
[Source "ChessBase"]
[SourceQuality "1"]
[TimeControl "180+2"]

1. e4 e5 2. Nf3 Nc6 3. Bb5 a6 4. Bxc6 dxc6 5. Nc3 Bd6 6. d4 exd4 7. Qxd4 f6 $1 8. O-O {[%emt 0:00:06] C68: Ruy Lopez: Exchange Variation, sidelines.} Ne7 9. Be3 Be6 10. Rad1 (10. Na4 $11) 10... O-O {[%emt 0:00:04] [#]} (10... Bg4 $1 $15) 11. a3 $146 ({Predecessor:} 11. h3 Ng6 12. Qd2 Qe7 13. Nd4 Rad8 14. Qe2 Bc8 15. Rfe1 Rfe8 16. Nf5 Qe5 17. Nxd6 cxd6 {½-½ (25) Kracht,R (1976)-Gerlach,F (2079) Willingen 2019}) 11... Qe8 12. h3 {[%emt 0:00:21] Against Bg4} Qh5 (12... Rd8 $15) 13. Nh2 (13. Ne2 $1 $11) 13... Rad8 14. Qa4 ({Better is} 14. Kh1) 14... f5 (14... Qe5 15. f4 Qh5 16. Nf3 $15) (14... Ng6 $142 15. Rfe1 (15. Nf3 $2 Bxh3 16. e5 fxe5 $19) 15... Be5 16. Rxd8 Rxd8) 15. f4 (15. exf5 $17 {was worth a try.} Qxf5 16. Qh4) 15... fxe4 16. Nxe4 $2 (16. Qxe4 $17 Bf5 17. Qc4+ Kh8 18. Rd2) 16... Nd5 17. Bc1 (17. Ng4 $142) 17... Qg6 $2 ({Not} 17... Bxf4 $2 18. Kh1) (17... Nxf4 $19 {is more deadly.} 18. Bxf4 Rxf4 19. Rxd6 Rxf1+ 20. Nxf1 cxd6) 18. Ng5 (18. Nxd6 $17 {might work better.} Rxd6 19. Rd2) 18... Bf5 $19 19. c4 (19. Qc4 {is a better defense.} h6 20. Ngf3 Bxh3 21. Nh4) 19... Bc5+ 20. Kh1 Nb6 (20... Bc2 $19 21. f5 Rxf5 $1) 21. Qa5 $15 {[%emt 0:00:06] Strongly threatening Rxd8.} Be7 {[%emt 0:00:10] This bishop pair is nice.} 22. c5 (22. Rde1 $15 Bf6 23. c5) 22... Nd5 (22... Rxd1 $17 23. Rxd1 Nd5) 23. g4 (23. Nhf3 $1 $15) 23... Be4+ $19 24. Ngf3 (24. Nxe4 $142 Qxe4+ 25. Rf3) 24... Nxf4 25. Qe1 (25. Rxd8 Bxd8 26. Bxf4 Rxf4 27. Kg1) 25... Rxd1 26. Qxd1 Nd5 27. b4 a5 28. Bd2 axb4 29. axb4 Qf6 30. Kg2 Qb2 (30... Qd4 $142 31. Kg3 Qd3) 31. Qe2 $2 (31. Re1 Bg6 32. Re2) 31... Bxf3+ $2 (31... Nf4+ 32. Bxf4 Qxe2+ 33. Rf2 Qc4 34. Bxc7 Qxb4) 32. Nxf3 $2 (32. Rxf3 Nf4+ 33. Rxf4 Rxf4 34. Nf3) 32... Bf6 $2 (32... Nf4+ $19 33. Bxf4 Qxe2+ 34. Rf2 Qe4 35. Bxc7 Qxb4) 33. Qe6+ Kh8 {[%emt 0:00:06] White must now prevent ...Nf4+.} 34. Rf2 Qb3 ({Don't do} 34... Nxb4 35. Ng5 h6 36. Nf7+ Rxf7 37. Qe8+ (37. Qxf7 Qd4 $14) 37... Kh7 38. Qxf7 $16) (34... Bd4 $17 {Threatens to win with ...Nf4+.} 35. Nxd4 Rxf2+ 36. Kxf2 Qxd2+ 37. Ne2 g6) 35. Qe4 $15 {[%emt 0:00:00] Against Nf4+} Nc3 36. Bxc3 Qxc3 37. g5 $40 {[%emt 0:00:00][%cal Of3e5][%mdl 128] Ne5! is the strong threat. White mounts an attack.} Bd8 38. h4 {[%emt 0:00:00][%mdl 1024] White has compensation.} Qb3 $1 39. Re2 Qf7 40. Re3 h6 41. Ne5 {[%emt 0:00:14] Active counter play!} Qf2+ ({Black should try} 41... Qf1+ $11 42. Kg3 Kg8) 42. Kh3 $14 {[%emt 0:00:04] Hoping for Ng6+.} Qf1+ $2 (42... Rf5 $1 $14) 43. Kg3 $2 ({Only move:} 43. Kg4 $1 $18 Qd1+ 44. Re2) 43... Qf2+ $2 {[%emt 0:00:02][%mdl 8192] [#]} (43... Qg1+ $11 44. Kh3 Rf2) 44. Kh3 $2 (44. Kg4 $1 $18) 44... Qf5+ (44... Qf1+ $11 45. Kg4 Qd1+ 46. Re2 Kg8) 45. Qxf5 $18 Rxf5 {[%emt 0:00:00][%mdl 4096] Endgame [#] KRB-KRN} 46. g6 $1 Rf8 47. Nf7+ Kg8 48. Rd3 $2 (48. Nxd8 $18 Rxd8 49. Re7) 48... Bf6 $11 49. Rd7 b6 $2 (49... Bc3 $11) 50. Rxc7 $18 bxc5 51. bxc5 Ra8 52. Rxc6 Ra3+ 53. Kg2 {[%emt 0:00:02] Intending Rc8+ and mate.} Ra2+ (53... Kf8 $142 54. Nd6 Ra7) 54. Kf3 {[%emt 0:00:01] Threatening mate with Rc8+.} Ra3+ 55. Ke2 Ra2+ (55... Kf8 $142 56. Nd6 Ra7) 56. Kd3 {[%emt 0:00:01] White threatens Rc8+ and mate.} Ra3+ 57. Kc4 {[%emt 0:00:02] White wants to mate with Rc8+.} Ra8 {[%emt 0:00:02] Against Rc8+} 58. Rb6 Bxh4 59. c6 $2 (59. Kd5 Bf2 60. Rb7 Bxc5 61. Kxc5) 59... Bg3 60. Rb7 (60. Rb3 $18 {and White stays clearly on top.} Bh2 61. Re3) 60... Rc8 $2 (60... Ra1 $16) 61. Kd5 {[%emt 0:00:02] White mates.} h5 62. Nd6 Rd8 63. Rd7 Ra8 64. c7 Bxd6 65. Kxd6 Ra6+ 66. Ke7 {[%emt 0:00:04] Quite a comeback for White.  Weighted Error Value: White=1.09/Black=1.02} 1-0

[Event "German-ch Blitz Women 2022"]
[Site "Magdeburg"]
[Date "2022.08.13"]
[Round "8.1"]
[White "Paehtz, Elisabeth"]
[Black "Zhou, Lepu Coco"]
[Result "1-0"]
[ECO "D00"]
[WhiteElo "2484"]
[BlackElo "1986"]
[Annotator "TA"]
[PlyCount "71"]
[EventDate "2022.08.10"]
[EventType "tourn"]
[EventCountry "GER"]
[SourceTitle "playchess.com"]
[Source "ChessBase"]
[SourceQuality "1"]
[TimeControl "180+2"]

1. d4 d5 2. Bf4 Nf6 3. e3 e6 4. Nf3 Bd6 5. Bg3 O-O 6. Nbd2 c5 {[%emt 0:00:01] D02: 1 d4 d5 2 Nf3 sidelines, including 2...Nf6 3 g3 and 2...Nf6 3 Bf4.} 7. c3 Qc7 8. Ne5 Nc6 {[%emt 0:00:01] The position is equal.} 9. f4 Ne7 10. Bd3 c4 11. Bc2 b5 12. a3 Ne8 {[%emt 0:00:03] [#]} 13. Qh5 $146 ({Predecessor:} 13. O-O Nf5 14. Qe1 Nf6 15. Bh4 Be7 16. Bxf6 Bxf6 17. e4 dxe4 18. Nxe4 Be7 19. Ng3 {0-1 (51) Zargarov,M (1915)-Eilenberg,J (2087) Davos 2021}) 13... g6 14. Qe2 (14. Qh3 {is more complex.} f6 15. O-O Nf5 16. Bf2) 14... f6 15. Nef3 a5 16. h4 Ng7 17. Bh2 Rb8 18. O-O b4 19. a4 bxc3 20. bxc3 Bd7 (20... Rb2 $17 21. Rfc1 Ba6) 21. e4 $15 dxe4 ({Don't play} 21... Bxf4 22. Bxf4 Qxf4 {[#]} 23. Ne5 $1 fxe5 24. Rxf4 Rxf4 25. dxe5 $16) (21... Rb2 $15 {should be considered.} 22. Rfc1 dxe4 23. Nxe4 Bxf4 24. Bxf4 Qxf4) 22. Nxe4 $11 Bxf4 {[%emt 0:00:15][%mdl 8192] This costs Black the game.} (22... f5 $11 {and Black has nothing to worry.} 23. Nxd6 Qxd6) 23. Bxf4 $18 {[%emt 0:00:03][%mdl 64] Remove Defender} Qxf4 {[%emt 0:00:02] [#]} 24. Ne5 $1 {[%emt 0:00:04][%mdl 576] Discovered Attack} fxe5 25. Rxf4 exf4 26. Nc5 ({Don't take} 26. Qxc4 Nd5 27. Rb1 Rbc8 $18) 26... Bc8 27. Be4 ({Much less strong is} 27. Qxc4 Nef5 28. Bxf5 Nxf5 29. Nxe6 Ne3 $18) 27... Nef5 28. Qxc4 Nxh4 29. Rf1 {[%emt 0:00:12] Prevents f3. Strongly threatening d5.} g5 $2 (29... f3 30. d5 h6 31. dxe6 Kh7 32. gxf3 Nhf5) 30. d5 {[%emt 0:00:06] White is clearly winning.} Nhf5 31. Bxf5 Nxf5 32. dxe6 {[%emt 0:00:06] Threatens to win with e7+.} Ne3 {[%emt 0:00:04] [#]} 33. Qa2 $1 {[%emt 0:00:02] And now e7+ would win.} Kh8 (33... Re8 34. Nd7) 34. e7 Rg8 {[%emt 0:00:01] [#]} 35. Qxg8+ $3 Kxg8 36. e8=Q+ {[%emt 0:00:03] Weighted Error Value: White=0.12 (very precise) /Black=0.48} 1-0

[Event "German-ch Blitz Women 2022"]
[Site "Magdeburg"]
[Date "2022.08.13"]
[Round "8.2"]
[White "Muetsch, Annmarie"]
[Black "Nikolaeva, Mariya A"]
[Result "0-1"]
[ECO "C54"]
[WhiteElo "2249"]
[BlackElo "1309"]
[Annotator "TA"]
[PlyCount "61"]
[EventDate "2022.08.10"]
[EventType "tourn"]
[EventCountry "GER"]
[SourceTitle "playchess.com"]
[Source "ChessBase"]
[SourceQuality "1"]
[TimeControl "180+2"]

1. e4 e5 2. Nf3 Nc6 3. Bc4 Bc5 4. c3 Nf6 5. d4 exd4 6. e5 d5 7. Bb5 Ne4 8. cxd4 Bb4+ 9. Bd2 Bxd2+ 10. Nbxd2 Nxd2 11. Qxd2 Bd7 12. O-O O-O 13. Bd3 h6 {[%emt 0:00:03] C54: Giuoco Piano: 4 c3 Nf6, main lines with 5 d4 and 5 d3.} 14. h3 Ne7 {[%emt 0:00:04] [#]} 15. Qf4 $146 ({Predecessor:} 15. Rac1 Rc8 16. Qa5 a6 17. Rfe1 Bc6 18. Qb4 Qd7 19. Qb3 Nf5 20. Bb1 g6 21. Bxf5 Qxf5 {1-0 (67) Aarush,V-Bondar,D (1460) Chess.com INT 2020}) 15... f5 {[%emt 0:00:35] White is slightly better.} 16. Rfe1 Be6 17. Rac1 c6 18. b4 a6 19. a4 Qb6 20. Rb1 Qc7 21. h4 (21. Rec1 $16) 21... Ng6 $14 22. Qh2 Qf7 23. h5 Ne7 24. Nd2 (24. Qh4 {is interesting.} f4 25. Be2 Nf5 26. Qxf4 Qxh5 27. Nd2) 24... Rfb8 25. Nb3 b6 {[%emt 0:00:13] Inhibits Nc5.} (25... f4 $142) 26. Qh4 ({Better is} 26. f4) 26... Qe8 {[%emt 0:00:24] [#] This costs Black the game.} (26... f4 $16) 27. a5 $1 $18 bxa5 $2 (27... Bc8 28. e6 Kh8 29. axb6 Rxb6) 28. bxa5 ({Much less strong is} 28. Nc5 Bc8 29. bxa5 Rxb1 30. Rxb1 Qf8 $18) 28... Qc8 $2 (28... Bf7 29. Nc5 Rb5) 29. Nc5 {[%emt 0:00:03] White is clearly winning.} Rxb1 30. Rxb1 Kf8 31. Rb7 {[%emt 0:00:15][%mdl 32768] Weighted Error Value: White=0.11 (very precise) /Black=0.39. Loss on time!?} 0-1

[Event "German-ch Blitz Women 2022"]
[Site "Magdeburg"]
[Date "2022.08.13"]
[Round "8.3"]
[White "Daemering, Katrin"]
[Black "Schulze, Lara"]
[Result "0-1"]
[ECO "B32"]
[WhiteElo "1965"]
[BlackElo "2292"]
[Annotator "TA"]
[PlyCount "88"]
[EventDate "2022.08.10"]
[EventType "tourn"]
[EventCountry "GER"]
[SourceTitle "playchess.com"]
[Source "ChessBase"]
[SourceQuality "1"]
[TimeControl "180+2"]

1. e4 c5 2. Nf3 Nc6 3. d4 cxd4 4. c3 Nf6 5. e5 Nd5 6. cxd4 d6 7. exd6 Qxd6 8. Nc3 Nxc3 9. bxc3 e6 10. Bd3 Be7 11. O-O O-O 12. Be3 {[%emt 0:00:17] B22: Sicilian: 2 c3.} (12. Qc2 $16) 12... b6 $11 {[%emt 0:00:04] [#]} 13. Rc1 $146 ({Predecessor:} 13. Qc2 f5 14. Rfe1 Bb7 15. Rad1 Rac8 16. Qe2 Rf6 17. d5 exd5 18. Bg5 Rf7 19. Bc4 {1-0 (46) Hausmann,I (2149)-Khurtsidze,N (2391) Germany 2004}) 13... Bb7 14. Bb1 {[%emt 0:00:02] The position is equal.} Bf6 15. Qc2 (15. Re1 {looks sharper.} Ne7 16. Ng5 Nf5 17. Qg4) 15... g6 {[%emt 0:00:01] Active counter play!} 16. Rfd1 Rac8 17. Qd3 Rfd8 18. Nd2 Na5 19. Ne4 Bxe4 20. Qxe4 Nc4 21. Bf4 Qd5 (21... e5 $17 22. Bh6 b5) 22. Qe2 Bg7 23. Be4 Qd7 24. Bd3 {[%emt 0:00:02] A strong pair of Bishops.} Qa4 25. Bg5 Rd7 26. Bf4 Nd6 27. Qg4 {[%emt 0:00:24] [#]} (27. h4 $11 {remains equal.}) 27... Qa5 (27... Nb5 $1 $17 28. Bxb5 Qxb5) 28. Rc2 (28. d5 $11 h5 29. Qh3) 28... Nf5 ({Much less strong is} 28... Rxc3 29. Bd2 Rdc7 30. Rxc3 (30. Bxc3 Rxc3 31. Rxc3 Qxc3 $14) 30... Rxc3 31. Be2 $16 (31. Bxc3 Qxc3 32. Qf3 Qa3 $16)) (28... Nb5 $17 29. Bxb5 Qxb5) 29. Rdc1 Rcd8 30. Bg5 {[%emt 0:00:06] [#]} (30. Qf3 $11 {keeps the balance.}) 30... Rc8 (30... h5 $1 $17 31. Qf4 f6 32. Bxf5 exf5) 31. h4 h6 32. Bf4 Rcd8 33. h5 g5 34. Bd2 Kh8 (34... Qd5 $11) 35. c4 $2 (35. f4 $14 {stays ahead.}) 35... Qa3 $19 ({Not} 35... Rxd4 36. Qxd4 Nxd4 37. Bxa5 Nxc2 38. Bxc2 $17) 36. Bxf5 {[%emt 0:00:05] Strongly threatening Be4.} exf5 ({Black should try} 36... Rxd4 $19 37. Qd1 exf5) 37. Qxf5 $11 Rxd4 38. Be3 $36 {[%emt 0:00:07][%mdl 2048] White has good play.} Rd1+ 39. Rxd1 Rxd1+ 40. Kh2 Qd6+ 41. g3 Qc6 42. f3 Rd7 (42... Kg8 $11) 43. Qe4 ({White should play} 43. c5 $14 Rc7 44. Rd2) 43... Qxe4 44. fxe4 Re7 {[%mdl 32768] Weighted Error Value: White=0.41/Black=0.28 (precise) . Loss on time!?} 0-1

[Event "German-ch Blitz Women 2022"]
[Site "Magdeburg"]
[Date "2022.08.13"]
[Round "8.4"]
[White "Khrapko, Marharyta"]
[Black "Melamed, Tatjana"]
[Result "0-1"]
[ECO "A01"]
[WhiteElo "2128"]
[BlackElo "2380"]
[Annotator "TA"]
[PlyCount "52"]
[EventDate "2022.08.10"]
[EventType "tourn"]
[EventCountry "GER"]
[SourceTitle "playchess.com"]
[Source "ChessBase"]
[SourceQuality "1"]
[TimeControl "180+2"]

1. b3 e5 2. Bb2 Nc6 3. c4 Nf6 4. e3 d5 5. cxd5 Nxd5 6. a3 Bd6 7. d3 {[%emt 0:00:02] A01: Nimzowitsch-Larsen Opening.} O-O 8. Nf3 {[%emt 0:00:26] 8.Nd2 is the modern continuation.} f5 9. Be2 {[%emt 0:00:13] [#] The position is equal.} Qe8 $146 ({Predecessor:} 9... Kh8 10. Nbd2 Qe7 11. Qc2 Bd7 12. b4 b5 13. g3 Nb6 14. Rc1 Na4 15. Ba1 a5 16. bxa5 Bxa3 {½-½ (23) Hickl,J (2600)-Mueller,K (2506) Austria 2002}) 10. Nbd2 Qg6 11. h4 e4 {[%emt 0:00:32] Strongly threatening ...Nxe3.} (11... Qxg2 $2 12. Rg1 Qh3 13. Bf1 $18) 12. dxe4 {[%emt 0:00:11] [#]} (12. Ng5 $11 {remains equal.}) 12... fxe4 {[%emt 0:00:01] Black is more active.} (12... Nxe3 $1 $17 13. Qc1 (13. fxe3 Qxg2 14. Nf1 Qxh1 $17) 13... fxe4 14. fxe3 exf3 15. Nxf3 Qg3+ 16. Kd2 Be6) 13. Ng5 $2 {[%emt 0:00:02][%mdl 8192] [#] Now White is beyond hope.} (13. h5 $11 {and White has nothing to worry.} Qe6 14. Nxe4 (14. Ng5 Nxe3 15. Qb1 Nxg2+ 16. Kd1 Qh6 $11) 14... Qxe4 15. Bd3 Nxe3 16. Bxe4 Nxd1 17. Bd5+ Kh8 18. Rxd1) 13... Nxe3 $1 $19 14. Bc4+ (14. Qc1 Nxg2+) 14... Kh8 15. Qe2 Nxg2+ 16. Kf1 e3 $2 (16... Nf4 17. Qe3 h6) 17. Kxg2 $2 (17. Nde4 Nf4 18. Qxe3) 17... Rxf2+ ({Not} 17... exd2 $2 18. Rhg1 Na5 19. Kh1 Nxc4 20. Ne4 Nxb2 21. Rxg6 hxg6 22. Nxd6 d1=Q+ 23. Rxd1 Nxd1 24. Nf7+ Kg8 25. Ng5 Nxf2+ 26. Kg2 $19) 18. Qxf2 exf2 {[%emt 0:00:28] Dancing on a razor blade.} 19. Kxf2 (19. Raf1 $142 Na5 20. Bd5) 19... Bc5+ 20. Ke2 $2 (20. Ke1 $19 Qe8+ 21. Nde4) 20... Bg4+ {[%emt 0:00:01] Black mates.} 21. Ke1 Re8+ 22. Nde4 Rxe4+ 23. Nxe4 Qxe4+ 24. Kd2 Be3+ 25. Kc3 Qd4+ 26. Kc2 Bf5+ {[%emt 0:00:01] Weighted Error Value: White=1.03/Black=0.40} 0-1

[Event "German-ch Blitz Women 2022"]
[Site "Magdeburg"]
[Date "2022.08.13"]
[Round "8.5"]
[White "Grabowski, Petra"]
[Black "Staerk, Elisa"]
[Result "0-1"]
[ECO "B08"]
[WhiteElo "1643"]
[BlackElo "1947"]
[Annotator "TA"]
[PlyCount "110"]
[EventDate "2022.08.10"]
[EventType "tourn"]
[EventCountry "GER"]
[SourceTitle "playchess.com"]
[Source "ChessBase"]
[SourceQuality "1"]
[TimeControl "180+2"]

1. d4 Nf6 2. Nf3 g6 3. Nc3 Bg7 4. e4 d6 5. Be3 O-O 6. Qd2 Nbd7 7. O-O-O {[%emt 0:00:02] B08: Pirc Defence: Classical System.} Ng4 8. Bg5 {[%emt 0:00:02] Black must now prevent h3.} h6 9. Bh4 {[%emt 0:00:01] White is better.} c6 10. h3 Ngf6 11. g4 (11. e5 $16) 11... b5 $1 $11 {[%emt 0:00:15] [#]} 12. Be2 $146 ({Better is} 12. Bd3 $15) ({Predecessor:} 12. Bd3 Nb6 13. Qe2 b4 14. Nb1 Be6 15. e5 Nfd5 16. Qe4 Qc7 17. Nfd2 dxe5 18. Bg3 {0-1 (26) Cardenas Nunez,Y (2063)-Figueredo Dominguez,R (1880) Ciego de Avila 2018}) 12... b4 $19 13. Na4 Nxe4 14. Qxb4 g5 15. Bg3 (15. Bd3 $17) 15... Nxg3 (15... Rb8 $19 16. Qe1 c5) 16. fxg3 $15 Qc7 (16... Nf6 $15) 17. Qd2 Nf6 (17... d5 $11) 18. h4 $1 $14 Nxg4 19. hxg5 Nf2 $1 20. gxh6 {[%emt 0:00:15] Intending Qg5 and mate.} Bf6 {[%emt 0:00:05] [#] Inhibits Qg5+.} 21. h7+ $2 (21. g4 $1 $16 {[%cal Rg4g5] stays on course. And now g5 would win.} Nxh1 (21... Bxg4 22. Rhg1) 22. Rxh1) 21... Kh8 $19 22. Qh6 Be6 23. Nc3 Nxd1 (23... Nxh1 $2 24. Rxh1 Rab8 25. Qh5) 24. Kxd1 Rfb8 25. b3 (25. Ne4 Rxb2 26. Nxf6 Rb1+ 27. Kd2 Rxh1 28. Qxh1 exf6 $19) 25... Qa5 26. Ne4 Bg7 27. Qh4 (27. Rh5 $142 Rb5 28. Rxb5 cxb5 29. Qg5) 27... Qxa2 28. Neg5 Qa1+ 29. Kd2 Qa5+ 30. Kd1 Bf6 {[%emt 0:00:03][%cal Ob8b3] Strongly threatening ...Rxb3!} 31. Qf4 $2 {[%emt 0:00:12] [#]} (31. Bd3) 31... Rb5 $2 32. Nxe6 $2 (32. Bxb5 $11 {and White has nothing to worry.} Bxg5 33. Nxg5 cxb5 34. Re1 (34. Nxf7+ $2 Bxf7 35. Re1 Rf8 $19)) 32... fxe6 $2 (32... Rf5 $19 33. Qd2 fxe6 34. Qxa5 Rxa5) 33. Qe4 (33. Bxb5 $11 cxb5 34. Rh6 Qa1+ 35. Ke2) 33... e5 $2 34. dxe5 $2 ({White should play} 34. Rf1 $1 $15) 34... Bxe5 $2 (34... dxe5 35. Re1 Rd8+ 36. Bd3 $17) ({Black should try} 34... Rd5+ $19 35. Bd3 Qa1+ 36. Kd2 Qxh1 37. exf6 exf6) 35. Nxe5 $4 (35. Nh4 $11 {and White is okay.} Qa1+ 36. Kd2 Qc3+ 37. Kd1 Rd5+ 38. Bd3) 35... Rxe5 {[%emt 0:00:01] Dancing on a razor blade.} ({Avoid the trap} 35... Qa1+ $2 36. Kd2 Qa5+ 37. Kc1 Rxe5 38. Qd4 $19) 36. Qd4 Qd5 37. Qxd5 Rxd5+ {[%mdl 4096] Endgame KRR-KRB} (37... cxd5 $2 {too greedy.} 38. g4 $19) 38. Ke1 Rf8 39. Bc4 Re5+ ({But not} 39... Rg5 $2 40. Rg1 $19) 40. Kd2 Rf2+ 41. Kc3 c5 $2 (41... Re3+ 42. Kb2 Rxg3) 42. Ra1 $2 (42. Bd3 {is the only way for White.}) 42... Rf3+ $2 (42... Re3+ $19 43. Kb2 Rxg3 44. Rxa7 Re3 45. Ra8+ Kxh7) 43. Kb2 $2 ({Only move:} 43. Bd3 $15) 43... Rxg3 (43... Kxh7 $19 {and Black stays clearly on top.} 44. g4 Rf4 45. Rxa7 Rxg4) 44. Rxa7 $2 (44. Bd3 $17) 44... Kxh7 45. Rc7 Rg2 46. Bd3+ Kh6 47. Rc8 Re3 {[%emt 0:00:01] aiming for ...Rxd3.} 48. Rh8+ Kg7 49. Re8 Rxd3 50. Ka3 Rxc2 {[%emt 0:00:01] Black mates.} 51. Rxe7+ Kf6 52. Rd7 Ke5 53. Rd8 Rdd2 54. Re8+ Kd5 55. Rg8 Ra2# {Weighted Error Value: White=1.08/Black=0.76} 0-1

[Event "German-ch Blitz Women 2022"]
[Site "Magdeburg"]
[Date "2022.08.13"]
[Round "8.6"]
[White "Braun, Kristin"]
[Black "Zschischang, Marine"]
[Result "1-0"]
[ECO "C01"]
[WhiteElo "1897"]
[BlackElo "2083"]
[Annotator "RC"]
[PlyCount "192"]
[EventDate "2022.08.10"]
[EventType "tourn"]
[EventCountry "GER"]
[SourceTitle "playchess.com"]
[Source "ChessBase"]
[SourceQuality "1"]
[TimeControl "180+2"]

1. e4 e6 2. d4 d5 3. exd5 exd5 4. Nf3 Nf6 5. c4 Be7 6. Nc3 c6 7. Be2 dxc4 8. Bxc4 O-O 9. O-O Bg4 10. Be3 Nbd7 11. h3 Bh5 12. a3 Nb6 13. Ba2 Nfd5 14. g4 Bg6 15. Ne5 Bf6 16. Nxg6 hxg6 17. Qd2 Qe7 18. Rae1 Qd7 19. Ne4 Be7 20. Bg5 Nf6 21. Nc3 Rad8 22. Rd1 Bd6 23. d5 Bc7 24. Bxf6 gxf6 25. Ne4 Kg7 26. d6 Rde8 27. dxc7 Qxc7 28. Qd6 Qxd6 29. Nxd6 Re7 30. Rfe1 Rd7 31. Ne4 Rfd8 32. Rxd7 Rxd7 33. Kf1 Na4 34. b3 Nb6 35. b4 Rd3 36. Nc5 Rxa3 37. Bb3 Nd7 38. Rb1 Ne5 39. Nxb7 Nd3 40. Nc5 Nxb4 41. Bxf7 Kxf7 42. Rxb4 Rxh3 43. Rb7+ Kg8 44. Rxa7 Rh1+ 45. Kg2 Rc1 46. Nd7 f5 47. Rc7 fxg4 48. Ne5 Kf8 49. Nxg6+ Ke8 50. Ne5 c5 51. Nxg4 Kd8 52. Rc6 Kd7 53. Ra6 c4 54. Ra4 Kd6 55. Kf3 Kc5 56. Ke2 Kb5 57. Ra2 c3 58. Ne3 Kb4 59. Rc2 Rh1 60. Nd5+ Kb3 61. Rxc3+ Kb2 62. Re3 Kc2 63. Rc3+ Kb2 64. Rc7 Rh5 65. Rd7 Kb3 66. f4 Kc4 67. Ne3+ Kc5 68. Kf3 Kc6 69. Rf7 Kd6 70. Kg4 Rh1 71. Ra7 Re1 72. Nf5+ Kd5 73. Rd7+ Kc6 74. Rd6+ Kc7 75. Rd5 Kc6 76. Re5 Rg1+ 77. Kh5 Kd7 78. Nh4 Kd6 79. Re3 Kd7 80. f5 Kd6 81. f6 Kd5 82. Rf3 Rg8 83. f7 Rf8 84. Ng6 Rxf7 85. Rxf7 Ke6 86. Rf1 Kd5 87. Kg5 Ke4 88. Rf8 Kd5 89. Re8 Kd6 90. Kf6 Kd7 91. Re1 Kd6 92. Rd1+ Kc5 93. Ke5 Kc4 94. Rd8 Kc3 95. Ke4 Kb2 96. Rc8 Kb3 1-0

[Event "German-ch Blitz Women 2022"]
[Site "Magdeburg"]
[Date "2022.08.13"]
[Round "8.7"]
[White "Skibbe, Diana"]
[Black "Schuster, Rebekka"]
[Result "1/2-1/2"]
[ECO "C11"]
[WhiteElo "1943"]
[BlackElo "1815"]
[Annotator "TA"]
[PlyCount "38"]
[EventDate "2022.08.10"]
[EventType "tourn"]
[EventCountry "GER"]
[SourceTitle "playchess.com"]
[Source "ChessBase"]
[SourceQuality "1"]
[TimeControl "180+2"]

1. e4 e6 2. d4 d5 3. Nc3 Nf6 4. e5 Nfd7 5. f4 c5 6. Nf3 a6 7. a4 {[%emt 0:00:04] C11: French: Classical System: 4 e5 and 4 Bg5 dxe4.} (7. g3 $11) 7... Nc6 (7... cxd4 $15 8. Nxd4 Nc6) 8. Ne2 $1 $11 cxd4 9. Nexd4 {[%emt 0:00:02] [#] White is slightly better.} Bc5 $146 ({Predecessor:} 9... Nxd4 10. Nxd4 Nc5 11. g3 Bd7 12. c3 Rc8 13. Bg2 a5 14. O-O g6 15. Kh1 Na6 {1-0 (30) Brekke,J (1988)-Hidalgo Maireles,J Mallorca 2004}) 10. c3 O-O 11. Bd3 {[%emt 0:00:05][%cal Od3h7] aiming for Bxh7+!} f6 $2 ({Black should play} 11... Nxd4 $14 12. cxd4 Be7) 12. Nxe6 $18 Qe7 13. Bxh7+ $2 Kxh7 $11 14. Nfg5+ fxg5 $19 15. Qh5+ Kg8 16. Nxg5 Nf6 {[%emt 0:00:06] Prevents Qh7+.} 17. Qe2 Nd7 $2 (17... Bg4 $19 18. Nf3 Nh5) 18. Qh5 $15 Nf6 {[%emt 0:00:01] Against Qh7+} (18... g6 $5 19. Qxg6+ Qg7 20. Qe6+ {[#]} Rf7 $1 21. Qxd5 (21. Nxf7 Qxf7 22. Qg4+ Qg7 $17) 21... Ne7 $1 22. Qxf7+ Qxf7 23. Nxf7 Kxf7 $15) 19. Qe2 Nd7 $2 {[%emt 0:00:01] Weighted Error Value: White=0.99/Black=1.15} ({Better is} 19... Bg4 $19 20. Nf3 Nh5) 1/2-1/2

[Event "German-ch Blitz Women 2022"]
[Site "Magdeburg"]
[Date "2022.08.13"]
[Round "8.8"]
[White "Rath, Alina"]
[Black "Fock, Sana"]
[Result "1-0"]
[ECO "A22"]
[WhiteElo "2062"]
[BlackElo "1807"]
[Annotator "NA RC"]
[PlyCount "62"]
[EventDate "2022.08.10"]
[EventType "tourn"]
[EventCountry "GER"]
[SourceTitle "playchess.com"]
[Source "ChessBase"]
[SourceQuality "1"]
[TimeControl "180+2"]

1. c4 e5 2. Nc3 Nf6 3. g3 d5 4. cxd5 Nxd5 5. Bg2 Nb6 6. d3 Nc6 7. Nf3 Be7 8. O-O Be6 9. a3 a5 10. Be3 O-O 11. Rc1 f5 12. Na4 f4 13. Bc5 Nxa4 14. Qxa4 Kh8 15. Qb5 Bxc5 16. Rxc5 Nd4 17. Nxd4 exd4 18. Qxb7 Rb8 19. Qc6 Bd7 20. Qxc7 Rxb2 21. Qxd8 Rxd8 22. Rd5 Rbb8 23. Rxd4 Be6 24. Rxd8+ Rxd8 25. gxf4 Rd4 26. Rb1 g6 27. Be4 Ra4 28. Rb6 Bf5 29. Rb8+ Kg7 30. Bc6 Rxa3 31. Kg2 Rc3 1-0